 Dungeon Crawl Stone Soup version 0.16-a0-77-g708f960 (webtiles) character file.

1115 Ololoev the Geomancer (level 8, -2/41 HPs)
             Began as a Gargoyle Earth Elementalist on Aug 8, 2014.
             Killed from afar by Ololoev's ghost (29 damage)
             ... with a stone arrow
             ... on Level 5 of the Dungeon.
             The game lasted 00:26:50 (6485 turns).

Ololoev the Geomancer (Gargoyle Earth Elementalist) Turns: 6485, Time: 00:26:50

HP  -2/41        AC 10     Str 13      XL: 8   Next: 34%
MP  13/16        EV 12     Int 17      God:
Gold 239         SH  0     Dex 10      Spells:  1 memorised, 10 levels left

rFire  . . .     SeeInvis .     h - +7 dagger (venom)
rCold  . . .     Clarity  .     c - +0 robe
rNeg   + . .     rCorr    .     (no shield)
rPois  +         rRot     +     z - +1 helmet
rElec  +         Spirit   .     (no cloak)
SustAb .         Warding  .     (no gloves)
rMut   .         Stasis   .     A - +0 pair of boots
Gourm  .                        (no amulet)
MR     .....                    (no ring)
                                (no ring)

@: not resistant to hostile enchantments, unstealthy
A: negative energy resistance 1, electricity resistance, unbreathing,
petrification resistance, rot immunity, AC +5
a: no special abilities


You were on level 5 of the Dungeon.
You were hungry.

You visited 2 branches of the dungeon, and saw 6 of its levels.

You collected 239 gold pieces.

Inventory:

Hand weapons
 a - the +7 spear of Veligolu {antimagic, rN+}
   (You found it on level 5 of the Dungeon)

   It disrupts the flow of magical energy around spellcasters and certain
   magical creatures (including the wielder).
   It protects you from negative energy.
 h - a +7 dagger of venom (weapon)
Armour
 c - a +0 robe (worn)
 z - a +1 helmet (worn)
 A - a +0 pair of boots (worn)
Magical devices
 q - a wand of heal wounds (3)
Comestibles
 f - 3 beef jerkies
 g - a chunk of bat flesh
 u - 8 fruits
 C - 2 bread rations
 E - a rotting chunk of hobgoblin flesh
Scrolls
 e - a scroll of amnesia
 v - a scroll of teleportation
 B - a scroll of noise {unknown}
 D - a scroll of random uselessness {unknown}
Potions
 b - a potion of confusion {unknown}
 j - a potion of heal wounds
 l - a potion of agility {unknown}
 s - 2 potions of restore abilities
 t - a potion of magic
 w - a potion of poison {unknown}
 x - a potion of haste {unknown}
Books
 d - a book of Geomancy

   Spells                             Type                      Level
   Sandblast                          Earth                        1
   Stoneskin                          Transmutation/Earth          2
   Passwall                           Transmutation/Earth          3
   *Stone Arrow                       Conjuration/Earth            3
   Petrify                            Transmutation/Earth          4
   Lee's Rapid Deconstruction         Earth                        5


   Skills:
 - Level 1.5 Dodging
 - Level 2.1 Stealth
 - Level 3.1 Spellcasting
 - Level 5.1 Conjurations
   Level 0.7 Transmutations
 + Level 9.9 Earth Magic


You had 10 spell levels left.
You knew the following spells:

 Your Spells              Type           Power        Failure   Level  Hunger
b - Stone Arrow           Conj/Erth      ####..       2%          3    ###....


Dungeon Overview and Level Annotations

Branches:
Dungeon (5/15)             Temple (1/1) D:4

Altars:
Ashenzari
Cheibriados
Dithmenos
Elyvilon
Fedhas
Gozag
Kikubaaqudgha
Makhleb
Nemelex Xobeh
Okawaru
Qazlal
Sif Muna
Trog
Vehumet
Xom
Yredelemnul
Zin

Annotations:
D:5 Ololoev's ghost, experienced GrEE


Innate Abilities, Weirdness & Mutations

You are resistant to torment.
You are immune to poison.
Your stone body is very resilient (AC +5).
You resist negative energy.
You are resistant to electric shocks.
You can survive without breathing.
You are immune to petrification.
You are immune to rotting.


Message History

Ololoev's ghost gestures at you while chanting.
The stone arrow misses you.
Really walk into a travel-excluded area?
Ololoev's ghost points at you and mumbles some strange words.
The stone arrow misses you.
Ololoev's ghost gestures at you while chanting.
The stone arrow misses you. The rat barely misses you.
The rat bites you but does no damage.
Casting: Stone Arrow
Confirm with . or Enter, or press ? or * to list all spells.
Aiming: Stone Arrow
Press: ? - help, Shift-Dir - straight line, f/p - Ololoev's ghost
Aim: Ololoev's ghost (moderately damaged)
The stone arrow hits Ololoev's ghost.
Ololoev's ghost is moderately damaged.
Ololoev's ghost casts a spell at you. The stone arrow hits you!
Ouch! That really hurt!
You die...

...............?.........## **,*
*#.....)..................## *,,
*##.......................# *,,
###...#................#...#* **,
#.....###.......§§§....# ,,,** *,
......######....§_§W...###,,,****
.......# #....§§§§.....##,,,,,,
.......## ##...............,** *
.###....## #...@r..####...,** #*
#.....## ##.....## *#..**
##.....## #....## **,*
#......###...## *,*
##........#....** *,**
##..............,*** ** ,,*
##...............,,,***, ,,*****
##...#######.......,,,,,,,,,,,,,*
....## **,,,,...,,,,, ,,,,,,***


You could see Ololoev's ghost and a rat.

Vanquished Creatures
  The ghost of Poody the Poker, an average FoFi (D:4)
  2 ice beasts (D:5)
  A sky beast (D:3)
  A phantom (D:4)
  An ogre (D:4)
  A scorpion (D:4)
  An iguana (D:4)
  2 orc wizards (D:4)
  2 worker ants
  Natasha (thrice) (D:4)
  Ijyb (D:5)
  A crocodile skeleton (D:5)
  5 adders
  4 worms (D:2)
  2 adder skeletons
  An ooze (D:1)
  12 orcs
  11 bats
  A bat skeleton (D:4)
  5 giant cockroaches
  17 goblins
  8 hobgoblins
  10 jackals
  5 giant geckos
  6 giant newts
  13 kobolds
  A quokka (D:2)
  A quokka zombie (D:5)
  9 rats
128 creatures vanquished.

Notes
Turn   | Place    | Note
--------------------------------------------------------------
     0 | D:1      | Ololoev, the Gargoyle Earth Elementalist, began the quest for the Orb.
     0 | D:1      | Reached XP level 1. HP: 10/10 MP: 3/3
   315 | D:1      | Reached XP level 2. HP: 7/15 MP: 0/5
  1069 | D:1      | Reached XP level 3. HP: 19/19 MP: 6/6
  1128 | D:1      | Learned a level 3 spell: Stone Arrow
  1151 | D:1      | Reached skill level 4 in Earth Magic
  1342 | D:2      | Reached skill level 1 in Conjurations
  1483 | D:2      | Found a stormy altar of Qazlal.
  1503 | D:2      | Reached XP level 4. HP: 24/24 MP: 9/9
  1689 | D:2      | Found an iron altar of Okawaru.
  2720 | D:3      | Reached XP level 5. HP: 28/28 MP: 7/11
  2870 | D:3      | Noticed a sky beast
  3004 | D:3      | Killed a sky beast
  3004 | D:3      | Reached skill level 5 in Earth Magic
  3004 | D:3      | Reached XP level 6. HP: 24/32 MP: 1/13
  3249 | D:3      | Found a shimmering altar of Xom.
  3282 | D:3      | Found a shattered altar of Ashenzari.
  3936 | D:4      | Reached skill level 5 in Conjurations
  4045 | D:4      | Reached skill level 6 in Earth Magic
  4045 | D:4      | Reached XP level 7. HP: 36/36 MP: 4/14
  4129 | D:4      | Found a staircase to the Ecumenical Temple.
  4144 | Temple   | Entered the Ecumenical Temple
  4456 | D:4      | Noticed Natasha
  4469 | D:4      | Killed Natasha
  4569 | D:4      | Reached skill level 7 in Earth Magic
  4692 | D:4      | Noticed Natasha
  4698 | D:4      | Killed Natasha
  4720 | D:4      | Noticed Poody's ghost (average FoFi)
  5082 | D:4      | Killed Poody's ghost
  5082 | D:4      | Reached skill level 8 in Earth Magic
  5082 | D:4      | Reached XP level 8. HP: 29/41 MP: 3/16
  5100 | D:4      | Noticed Natasha
  5104 | D:4      | Killed Natasha
  5616 | D:5      | Entered Level 5 of the Dungeon
  5642 | D:5      | Got a twisted spear
  5643 | D:5      | Identified the +7 spear of Veligolu {antimagic, rN+} (You found it on level 5 of the Dungeon)
  5728 | D:5      | Noticed Ijyb
  5733 | D:5      | Killed Ijyb
  5819 | D:5      | Reached skill level 9 in Earth Magic
  6446 | D:5      | Found a radiant altar of Vehumet.
  6447 | D:5      | Noticed Ololoev's ghost (experienced GrEE)
  6485 | D:5      | Killed from afar by Ololoev's ghost

Action                   |  1- 3 |  4- 6 |  7- 9 || total
-------------------------+-------+-------+-------++-------
Melee: Unarmed           |     6 |       |       ||     6
       Dagger            |    49 |   141 |    73 ||   263
       Spear             |       |       |     2 ||     2
 Cast: Sandblast         |    40 |     5 |       ||    45
       Stone Arrow       |       |    28 |    41 ||    69
  Use: Scroll            |       |       |    14 ||    14
 Stab: Sleeping          |     1 |     3 |     1 ||     5
  Eat: Chunk             |     2 |    10 |     2 ||    14
       Meat ration       |       |       |     1 ||     1
       Bread ration      |       |       |     1 ||     1
       Royal jelly       |       |       |     1 ||     1
